 Dungeon Crawl Stone Soup version 0.24.0-13-gcf9b3192b9 (webtiles) character file.

Game seed: 13136309401931868317, levelgen mode: deterministic

91 Delamore the Chopper (level 4, -14/39 HPs)
             Began as a Hill Orc Monk on Nov 5, 2019.
             Killed from afar by Ijyb (24 damage)
             ... with a bolt of acid
             ... on level 3 of the Dungeon.
             The game lasted 00:02:50 (1789 turns).

Delamore the Chopper (Hill Orc Monk)                Turns: 1789, Time: 00:02:50

Health: -14/39     AC:  3    Str: 14    XL:     4   Next: 57%
Magic:  4/4        EV: 11    Int: 13    God:
Gold:   92         SH:  0    Dex: 13    Spells: 3/3 levels left

rFire    . . .     SeeInvis .   a - +0 hand axe
rCold    . . .     Gourm    .   (no shield)
rNeg     . . .     Faith    .   i - +0 ring mail
rPois    .         Spirit   .   (no helmet)
rElec    .         Reflect  .   w - +0 cloak
rCorr    .         Harm     +   (no gloves)
MR       .....                  l - +0 pair of boots
Stlth    +.........             h - amulet of harm
HPRegen  0.13/turn              g - +3 ring of intelligence
MPRegen  0.09/turn              (no ring)

@: corroded
A: no striking features
a: no special abilities


You were on level 3 of the Dungeon.
You were not hungry.

You visited 1 branch of the dungeon, and saw 3 of its levels.

You collected 92 gold pieces.

Inventory:

Hand Weapons
 a - a +0 hand axe (weapon)
Missiles
 o - 8 datura-tipped darts (quivered)
 p - 20 poisoned darts
Armour
 i - a +0 ring mail (worn)
 l - a +0 pair of boots (worn)
 w - a +0 cloak (worn)
Jewellery
 g - a +3 ring of intelligence (left hand)
 h - an amulet of harm (around neck)
Wands
 z - a wand of digging (8)
Scrolls
 d - 4 scrolls of identify {unknown}
 e - 5 scrolls of teleportation {unknown}
 t - a scroll of fear {unknown}
 x - a scroll of enchant armour {unknown}
 y - a scroll of blinking {unknown}
Potions
 f - 2 potions of curing {unknown}
 j - a potion of resistance {unknown}
 k - a potion of mutation {unknown}
 m - a potion of magic {unknown}
 n - 2 potions of heal wounds {unknown}
 q - a potion of brilliance {unknown}
 r - a potion of berserk rage {unknown}
 s - a potion of lignification {unknown}
 u - a potion of degeneration {unknown}
 v - a potion of cancellation {unknown}
Comestibles
 b - a chunk of flesh
 c - 11 rations


   Skills:
 - Level 3.6 Fighting
 + Level 6.5 Axes
 + Level 1.6 Armour
 - Level 2.4 Dodging
 - Level 1.5 Stealth


You had 3 spell levels left.
You didn't know any spells.
Your spell library was empty.

Dungeon Overview and Level Annotations

Branches:
Dungeon (3/15)

Altars:

Annotations:
D:3 Ijyb


Message History

Unknown command.
Unknown command.
The bat barely misses you. The bat closely misses you.
The kobold throws a stone.
The stone closely misses you. The bat barely misses you.
You see here a stone.
The bat hits you.
* * * LOW HITPOINT WARNING * * *
The bat hits you but does no damage. Ijyb screams, "I no like you!"
The bat hits you.
* * * LOW HITPOINT WARNING * * *
The bat hits you but does no damage.
Some of the chunks of flesh in your inventory have rotted away.
The bat hits you.
* * * LOW HITPOINT WARNING * * *
The bat barely misses you.
Ijyb zaps a wand.
The bolt of acid misses the bat.
The bolt of acid hits you!!
Ouch! That really hurt!
You die...

#####.#####...........
#.........)#######....
#.........รท# #####
#..........###
#............#
#............#
#####.###....# #.#
#....# ##@########
#.b...# #.....#
#...o.# ####...g.##
#.......(.##
#..........#
#...%....(K######
#########........


You could see Ijyb, an orc, a bat and a kobold.

Vanquished Creatures
  Crazy Yiuf (D:2)
  An adder (D:2)
  An adder zombie (D:2)
  A dart slug (D:1)
  3 leopard geckos
  7 bats
  A giant cockroach (D:1)
  6 goblins
  8 hobgoblins
  A ball python (D:1)
  3 frilled lizards
  7 kobolds
  5 rats
45 creatures vanquished.

Vanquished Creatures (others)
  An orc (D:3)
1 creature vanquished.

Grand Total: 46 creatures vanquished

Notes
Turn   | Place    | Note
-------+----------+-------------------------------------------
     0 | D:1      | Delamore the Hill Orc Monk began the quest for the Orb.
     0 | D:1      | Reached XP level 1. HP: 19/19 MP: 1/1
   147 | D:1      | Reached XP level 2. HP: 25/26 MP: 2/2
   208 | D:1      | Reached skill level 5 in Axes
   343 | D:1      | Reached XP level 3. HP: 25/31 MP: 3/3
   760 | D:2      | Reached skill level 1 in Armour
  1071 | D:2      | Found a runed translucent door.
  1072 | D:2      | Noticed Crazy Yiuf
  1080 | D:2      | Killed Crazy Yiuf
  1080 | D:2      | Reached skill level 6 in Axes
  1080 | D:2      | Reached XP level 4. HP: 35/39 MP: 2/4
  1778 | D:3      | Noticed Ijyb
  1789 | D:3      | Killed from afar by Ijyb

Levels and vault maps discovered:
D:1:      dpeg_arrival_orchard, layout_rooms
D:2:      layout_basic, uniq_crazy_yiuf_cottage
D:3:      layout_basic, uniq_ijyb

Skill      XL: |  1  2  3 |
---------------+----------+-----
Axes           | 5 6 |  6.5
Armour         | 1 |  1.6
Fighting       | |  3.6
Dodging        | |  2.4
Stealth        | |  1.5

Action                   |  1- 3 |  4- 6 || total
-------------------------+-------+-------++-------
Melee: Hand axe          |    94 |    51 ||   145
  Eat: Chunk             |       |     3 ||     3
Armor: Ring mail         |    41 |    21 ||    62
       Robe              |     2 |       ||     2
Dodge: Dodged            |    68 |    36 ||   104
